AoeStats
← Johnny Labios Sellados

Black Forest

510085492Analyzed
3v3 RM · 3d ago on Sep 29, 2026· 20m 31s· 6 players
Game mode
Random Map
Map size
Normal (6 player)
Population
200
Speed
Normal
Resources
Standard
Victory
Conquest
Starting age
Dark Age
Ending age
Imperial Age
RankedLock teamsTeams togetherTeam positionsShared explorationLock speedFull tech treeHidden civsTurbo modeCheats
Victory
Defeat
🇨🇳 Turks · China
1155
+12
🇵🇹 Khmer · Portugal
1129
+13
🇨🇳 Maya · China
1124
+14
🇪🇸 Teutons · Spain
1063
-13
1060
-13
🇪🇸 Burmese · Spain
1059
-13
bixo
1:02 Loom
11:33 Feudal Age
12:02 Double-Bit Axe
16:46 Castle Age
14:29 Horse Collar
18:13 Bow Saw
Nicholas Li
6:54 Loom
10:23 Feudal Age
11:09 Double-Bit Axe
14:38 Castle Age
12:48 Horse Collar
13:17 Gold Mining
14:22 Wheelbarrow
20:46 Fervor
21:04 Bow Saw
cihuncihome
0:29 Loom
13:27 Feudal Age
17:32 Castle Age
15:22 Double-Bit Axe
15:34 Horse Collar
20:08 Town Watch
La Caja
0:29 Loom
12:43 Feudal Age
19:37 Castle Age
18:00 Double-Bit Axe
17:57 Horse Collar
Johnny Labios Sellados
0:29 Loom
11:29 Feudal Age
19:16 Castle Age
18:56 Double-Bit Axe
Disco Stu
0:28 Loom
13:44 Feudal Age
19:09 Castle Age
Connection lost

Rejoining the realm…

Still unreachable

The connection could not be restored.

Session expired

The server has moved on; the page needs a fresh start.